 Dungeon Crawl Stone Soup version 0.28-a0-1080-g05a166d0ed (webtiles) character file.

Game seed: 7892598011790686061

115 yoda5477 the Chopper (level 4, -8/35 HPs)
             Began as a Demonspawn Fighter on Dec 10, 2021.
             Killed from afar by an orc wizard (11 damage)
             ... with a magic dart
             ... on level 2 of the Dungeon.
             The game lasted 00:08:09 (1553 turns).

yoda5477 the Chopper (Demonspawn Fighter)           Turns: 1553, Time: 00:08:12

Health: -8/35      AC:  7    Str: 18    XL:     4   Next: 68%
Magic:  4/4        EV:  9    Int: 16    God:
Gold:   139        SH:  8    Dex: 12    Spells: 3/3 levels left

rFire   . . .      SeeInvis .   a - +0 war axe
rCold   . . .      Faith    .   c - +0 buckler
rNeg    . . .      Spirit   .   b - +0 scale mail
rPois   .          Reflect  .   l - +0 helmet
rElec   .          Harm     .   (no cloak)
rCorr   .          Rampage  .   (no gloves)
Will    .....                   (no boots)
Stlth   ..........              (no amulet)
HPRegen 0.11/turn               k - +6 ring of intelligence
MPRegen 0.09/turn               (no ring)

@: no status effects
A: claws 1, condensation shield
a: no special abilities


You were on level 2 of the Dungeon.
You visited 1 branch of the dungeon, and saw 3 of its levels.

You collected 139 gold pieces.

Inventory:

Hand Weapons
 a - a +0 war axe (weapon)
 h - a +0 dagger of speed
Missiles
 f - 13 poisoned darts (quivered)
 g - 49 stones
Armour
 b - a +0 scale mail (worn)
 c - a +0 buckler (worn)
 l - a +0 helmet (worn)
Jewellery
 k - a +6 ring of intelligence (left claw)
Wands
 r - a wand of polymorph (3)
Scrolls
 e - a scroll of fog {unknown}
 i - a scroll of brand weapon {unknown}
 q - a scroll of identify {unknown}
Potions
 d - a potion of might
 j - a potion of invisibility {unknown}
 m - a potion of lignification {unknown}
 n - a potion of magic {unknown}
 o - 2 potions of curing {unknown}
 p - a potion of flight {unknown}


   Skills:
 - Level 3.0 Fighting
 * Level 3.8 Axes
 - Level 2.6 Armour
 + Level 3.5 Shields


You had 3 spell levels left.
You didn't know any spells.
Your spell library contained the following spells:

 Spells                   Type           Power      Damage    Failure   Level
 Magic Dart               Conj           0%         1d3       63%         1
 Searing Ray              Conj           0%         2d4       77%         2
 Fulminant Prism          Conj/Hex       0%         3d6       100%        4


Dungeon Overview and Level Annotations

Branches:
Dungeon (3/15)

Altars:


Innate Abilities, Weirdness & Mutations

You have sharp fingernails.
A meltable shield of frost defends you. (SH +4)


Message History

You block the orc's attack.
Things that are here:
a +0 club; a +0 leather armour You slash the orc!
You kill the orc!
You block the orc wizard's attack.
Things that are here:
a +0 whip; a +0 ring mail; an orc corpse You slash the orc wizard!
The orc wizard is heavily wounded.
The orc wizard hits you but does no damage.
The orc wizard closely misses you.
You closely miss the orc wizard.
The orc wizard is heavily wounded.
You block the orc wizard's attack.
You completely miss the orc wizard.
The orc wizard is heavily wounded.
The orc wizard hits you but does no damage.
You closely miss the orc wizard.
The orc wizard is heavily wounded.
The orc wizard hits you with a +0 dagger.
You barely miss the orc wizard.
The orc wizard is heavily wounded.
You block the orc wizard's attack. The orc wizard casts a spell at you.
The magic dart hits you!
* * * LOW HITPOINT WARNING * * *
You closely miss the orc wizard.
The orc wizard is heavily wounded.
You block the orc wizard's attack.
You closely miss the orc wizard.
The orc wizard is heavily wounded.
You barely miss the orc. You barely miss the orc wizard.
The orc wizard gestures at you while chanting.
The magic dart hits you.
* * * LOW HITPOINT WARNING * * *
The orc barely misses you.
The orc wizard gestures at you while chanting.
The magic dart hits you!
You die...

##.....## #.oo.#
#.# #.##.# ##..>##
####)# #.# #. #.#
##'## #.# #.. . ..#
#†# #.# ##### ###
#.# #.# ##.## #)#
###...######## #.#
.......#.....####o#
###....#.#.....)@o#
# ##.#.#.#.#.######
# ##.#.#.#.#.# ##
#........#.# ..
##.#.#.###.# ##
#.#.#.# #J#
##.#.#.# #.#
#....#.. ..# ####
##.##### ....


You could see an orc wizard and an orc.

Vanquished Creatures
  An orc priest (D:2)
  An orc wizard (D:2)
  Robin (D:1)
  An adder (D:2)
  2 orcs (D:2)
  2 endoplasms (D:2)
  2 giant cockroaches (D:2)
  7 goblins
  4 hobgoblins
  3 kobolds
  A quokka (D:1)
  7 ball pythons
  4 bats
  2 frilled lizards (D:1)
  3 rats (D:1)
41 creatures vanquished.

Vanquished Creatures (others)
  5 toadstools (D:1)
5 creatures vanquished.

Grand Total: 46 creatures vanquished

Notes
Turn   | Place    | Note
-------+----------+-------------------------------------------
     0 | D:1      | yoda5477 the Demonspawn Fighter began the quest for the
                  | Orb.
     0 | D:1      | Reached XP level 1. HP: 18/18 MP: 1/1
   159 | D:1      | Gained mutation: A meltable shield of frost defends you.
                  | (SH +4) [demonic ancestry]
   159 | D:1      | Reached XP level 2. HP: 24/24 MP: 2/2
   581 | D:1      | Found a faded altar of an unknown god.
   846 | D:2      | Noticed Robin
   922 | D:1      | Killed Robin
   923 | D:1      | Reached XP level 3. HP: 25/29 MP: 3/3
  1290 | D:2      | Discovered your monstrous ancestry.
  1290 | D:2      | Gained mutation: You have sharp fingernails. [demonic
                  | ancestry]
  1290 | D:2      | Reached XP level 4. HP: 9/35 MP: 4/4
  1553 | D:2      | Killed from afar by an orc wizard

Illustrated notes

Levels and vault maps discovered:
D:1:      minmay_arrival_four_circles, layout_basic,
          hellmonk_ecumenical_altar_arch_garden, minmay_gold_behind_fungi
D:2:      cheibrodos_pilgrimage, layout_loops_corners, uniq_robin, uniq_sigmund,
          uniq_crazy_yiuf_cottage
D:3:      layout_basic, hangedman_abyss_or_decor_stabs

Skill      XL: |  1  2  3 |
---------------+----------+-----
Axes           | 2 3 |  3.8
Shields        | 3 |  3.5
Fighting       | |  3.0
Armour         | |  2.6

Action                   |  1- 3 |  4- 6 || total
-------------------------+-------+-------++-------
Melee: War axe           |   121 |    17 ||   138
Armor: Scale mail        |    63 |     5 ||    68
Dodge: Dodged            |    35 |     2 ||    37
Block: Buckler           |    53 |     9 ||    62

Table legend: (Time is in decaauts)
 A = Elapsed time spent in this place.
 B = Non-inter-level travel time spent in this place.
 C = Inter-level travel time spent in this place.
 D = Time resting spent in this place.
 E = Time spent auto-exploring this place.
 F = Levels seen in this place.
 G = Mean time per level.
                   A        B        C        D        E       F      G
               +--------+--------+--------+--------+--------+-----+--------+
         Total |   1612 |   1566 |     46 |    462 |    504 |   3 |  537.3 |
       Dungeon |   1612 |   1566 |     46 |    462 |    504 |   3 |  537.3 |
               +--------+--------+--------+--------+--------+-----+--------+

Top non-repeatable levels by time:
     D:2: 817 daAuts
     D:1: 793 daAuts
     D:3: 1 daAuts
